 Dungeon Crawl Stone Soup version 0.30-a0-845-g7c6808c8ce (webtiles) character file.

Game seed: 3042923256159051407

177 Jeffwins the Charlatan (level 5, -3/37 HPs)
             Began as a Human Wanderer on Mar 2, 2023.
             Slain by a gnoll
             ... wielding a +0 flail
              (10 damage)
             ... on level 3 of the Dungeon.
             The game lasted 00:04:10 (3579 turns).

Jeffwins the Charlatan (Human Wanderer)             Turns: 3579, Time: 00:04:11

Health: -3/37      AC:  5    Str: 10    XL:     5   Next: 88%
Magic:  4/18       EV: 11    Int: 21    God:
Gold:   120        SH:  0    Dex: 14    Spells: 8/9 levels left

rFire   . . .      SeeInvis .    a - +2 dagger (drain)
rCold   . . .      Faith    .    (no shield)
rNeg    . . .      Spirit   .    e - +0 robe
rPois   .          Reflect  .    (no helmet)
rElec   .          Rampage  .    t - scarf {shadows}
rCorr   .                        (no gloves)
Will    .....                    o - +2 pair of boots
Stlth   +                        (no amulet)
HPRegen 0.26/turn                W - ring of magical power
MPRegen 0.16/turn                I - +6 ring of intelligence

@: no status effects
A: no striking features
a: no special abilities


You were on level 3 of the Dungeon.
You visited 1 branch of the dungeon, and saw 3 of its levels.

You collected 120 gold pieces.


   Skills:
 - Level 1.0 Fighting
 - Level 2.0 Throwing
 - Level 1.0 Armour
 * Level 2.6 Spellcasting
 * Level 2.8 Conjurations
 * Level 2.4 Fire Magic
 - Level 1.0 Invocations
 + Level 3.6 Evocations


You had 8 spell levels left.
You knew the following spells:

 Your Spells              Type           Power      Damage    Failure   Level
z - Foxfire               Conj/Fire      52%        2x1d6     4%          1

Your spell library contained the following spells:

 Spells                   Type           Power      Damage    Failure   Level
 Dazzling Flash           Conj/Hex       16%        N/A       24%         3
 Portal Projectile        Hex/Tloc       4%         N/A       38%         3
 Tukima's Dance           Hex            2%         N/A       38%         3
 Animate Dead             Necr           2%         N/A       80%         4
 Blade Hands              Tmut           1%         N/A       98%         5
 Haunt                    Necr/Summ      1%         N/A       100%        7
 Infestation              Necr           1%         N/A       100%        8

Inventory:

Hand Weapons
 a - a +2 dagger of draining (weapon)
Missiles
 b - 9 boomerangs (quivered)
 r - 6 curare-tipped darts {=f}
Armour
 e - a +0 robe (worn)
 o - a +2 pair of boots (worn)
 t - a scarf of shadows (worn)
Jewellery
 I - a +6 ring of intelligence (right hand)
 R - a ring of resist corrosion
 W - a ring of magical power (left hand)
Wands
 c - a wand of polymorph (21)
Scrolls
 f - a scroll of acquirement {unknown}
 g - 3 scrolls of identify {unknown}
 i - a scroll of brand weapon {unknown}
 k - 2 scrolls of fog {unknown}
 m - a scroll of immolation {unknown}
 n - a scroll of teleportation {unknown}
 p - a scroll of noise {unknown}
 v - 2 scrolls of fear {unknown}
Potions
 d - 3 potions of haste {@q3}
 h - 2 potions of invisibility {unknown}
 j - a potion of lignification {unknown}
 l - 2 potions of flight {unknown}
 q - a potion of curing {unknown}
 s - a potion of brilliance {unknown}
 u - a potion of might {unknown}

Dungeon Overview and Level Annotations

Branches:
Dungeon (3/15)

Altars:
Ru

..'▒▒'▒▒+▒▒'▒▒'..###.###.#.#.....
..▒.....▒.....▒.........#.#.)..†)
.<▒....)▒.....▒##.....##.#.#.....
..▒▒▒+▒▒'▒▒'▒▒▒.......#.(####....
...#........#####.)..##..# #.....
.##..###.....###..##..#### ######
.##.###....).....####..## #.....
.##.##.....)...v.# #...#########
.#..##.....)...v@# ##....###
...###.........#g# #.##...#
#.####.........#.# #.####.###
...............#.# #.# #...#
......#.......##.# #.# ###.##
...............#.#####.# #..##
...............#.#...... ##...
######.........#..)..... ####
#.........#........


You could see a gnoll (ally target).


Message History

Casting: Foxfire (safe; 4% risk of failure)
Confirm with . or Enter, or press ? or * to list all spells.
There is not enough space to conjure foxfire!
You hit the gnoll.
The gnoll is lightly wounded.
The foxfire hits the gnoll.
The gnoll is moderately wounded.
The foxfire hits the gnoll.
The gnoll is moderately wounded.
The foxfire hits the gnoll.
The gnoll is severely wounded.
The gnoll closely misses you.
You hit the gnoll.
The gnoll is severely wounded.
The gnoll barely misses you.
You hit the gnoll.
The gnoll is severely wounded.
The gnoll hits you with a +0 flail!
* * * LOW HITPOINT WARNING * * *
You hit the gnoll but do no damage.
The gnoll is severely wounded.
The gnoll barely misses you.
You barely miss the gnoll.
The gnoll is severely wounded.
The gnoll hits you with a +0 flail!
* * * LOW HITPOINT WARNING * * *
Casting: Foxfire (safe; 4% risk of failure)
Confirm with . or Enter, or press ? or * to list all spells.
You conjure some foxfire!
The gnoll hits you with a +0 flail!
You die...

Skill      XL: |  1  2  3  4  5 |
---------------+----------------+-----
Fire Magic     | 1 2 |  2.4
Conjurations   | 2 |  2.8
Spellcasting   | 2 |  2.6
Fighting       | |  1.0
Throwing       | |  2.0
Armour         | |  1.0
Invocations    | |  1.0
Evocations     | |  3.6

Action                     |  1- 3 |  4- 6 || total
---------------------------+-------+-------++-------
  Melee: Dagger            |    49 |    28 ||    77
   Cast: Foxfire           |    71 |    77 ||   148
    Use: Potion            |       |     1 ||     1
 Armour: Robe              |    11 |    13 ||    24
  Dodge: Dodged            |    42 |    35 ||    77

Levels and vault maps discovered:
D:1:      arrival_aquarium_b, layout_basic
D:2:      layout_basic, chequers_serial_rivers_room_a
D:3:      layout_rooms, mainiacjoe_overflow_24_doors, wad_rectangle_vault

Notes
Turn   | Place    | Note
-------+----------+-------------------------------------------
     0 | D:1      | Jeffwins the Human Wanderer began the quest for the Orb.
     0 | D:1      | Jeffwins set off with the following items: a +0 dagger, 9
                  | boomerangs, a wand of polymorph (21), a potion of haste
                  | {@q3}, a +0 robe; and the following spell memorised:
                  | Foxfire; and the following spells available to memorise:
                  | Dazzling Flash.
     0 | D:1      | Reached XP level 1. HP: 15/15 MP: 2/2
     3 | D:1      | Noticed an electric eel
     4 | D:1      | Noticed an electric eel
   304 | D:1      | Reached XP level 2. HP: 21/21 MP: 0/3
  1510 | D:2      | Reached XP level 3. HP: 20/26 MP: 0/5
  1573 | D:2      | Reached skill level 1 in Fire Magic
  1973 | D:2      | Reached skill level 2 in Conjurations
  2251 | D:2      | Reached XP level 4. HP: 32/32 MP: 2/6
  2858 | D:3      | Reached skill level 2 in Spellcasting
  3031 | D:3      | Reached XP level 5. HP: 13/37 MP: 8/8
  3042 | D:3      | Reached skill level 2 in Fire Magic
  3192 | D:3      | Found a sacrificial altar of Ru.
  3579 | D:3      | Slain by a gnoll

Vanquished Creatures
  An orc priest (D:3)
  6 gnolls (D:3)
  An adder (D:2)
  2 worms (D:3)
  3 dart slugs
  5 orcs (D:3)
  4 endoplasms
  2 giant cockroaches
  4 goblins
  4 hobgoblins
  4 jackals (D:3)
  A quokka (D:1)
  5 ball pythons
  6 bats
  5 frilled lizards
  7 kobolds
  7 rats
67 creatures vanquished.

Vanquished Creatures (others)
  251 foxfires
251 creatures vanquished.

Grand Total: 318 creatures vanquished

Table legend: (Time is in decaauts)
 A = Elapsed time spent in this place.
 B = Non-inter-level travel time spent in this place.
 C = Inter-level travel time spent in this place.
 D = Time resting spent in this place.
 E = Time spent auto-exploring this place.
 F = Levels seen in this place.
 G = Mean time per level.
                   A        B        C        D        E       F      G
               +--------+--------+--------+--------+--------+-----+--------+
         Total |   3575 |   3440 |    135 |      0 |   2968 |   3 | 1191.7 |
       Dungeon |   3575 |   3440 |    135 |      0 |   2968 |   3 | 1191.7 |
               +--------+--------+--------+--------+--------+-----+--------+

Top non-repeatable levels by time:
     D:1: 1476 daAuts
     D:2: 1279 daAuts
     D:3: 820 daAuts

Table legend:
 A = Non-vault XP
 B = Vault XP
 C = Vault XP percentage of total XP
 D = Non-vault monster count
 E = Vault monster count
 F = Vault count percentage of total count
                 A         B        C        D         E       F
            +---------+---------+-------+---------+---------+-------
      Total |     236 |      18 |   7.1 |      61 |       6 |   9.0
            +---------+---------+-------+---------+---------+-------
        D:1 |      28 |       0 |   0.0 |      16 |       0 |   0.0
        D:2 |      47 |       0 |   0.0 |      23 |       0 |   0.0
        D:3 |     161 |      18 |  10.1 |      22 |       6 |  21.4
            +---------+---------+-------+---------+---------+-------
